 Dungeon Crawl Stone Soup version 0.18.1-1-g2f07953 (webtiles) character file.

29142 MTVSty1e the Fighter (level 13, -3/122 HPs)
             Began as a Minotaur Fighter on May 6, 2016.
             Was the Champion of Okawaru.
             Slain by an eight-headed hydra (8 damage)
             ... on level 4 of the Lair of Beasts.
             The game lasted 01:02:19 (16062 turns).

MTVSty1e the Fighter (Minotaur Fighter)            Turns: 16062, Time: 01:02:19

Health: -3/122     AC: 23    Str: 24    XL:     13   Next: 13%
Magic:  12/12      EV:  8    Int:  5    God:    Okawaru [******]
Gold:   767        SH: 19    Dex: 10    Spells: 0 memorised, 12 levels left

rFire  . . .     SeeInvis .     l - +3 trident (flame)
rCold  . . .     Gourm    .     B - +3 plate armour {MR+}
rNeg   . . .     Faith    +     N - +0 large shield
rPois  +         Spirit   .     A - +1 hat
rElec  .         Dismiss  .     k - +0 cloak
rCorr  .         Reflect  .     E - +0 pair of gloves
SustAt .         Harm     .     O - +0 pair of boots
MR     +++..     Clarity  +     R - amulet of faith
Stlth  ..........               G - +4 ring of slaying
                                F - ring of poison resistance

@: extremely resistant to hostile enchantments, extremely unstealthy
A: retaliatory headbutt, horns 2, blink, clarity, clumsy 1, magic resistance 2,
poison resistance, no device heal 1
a: Blink, Heroism, Finesse, Renounce Religion


You were on level 4 of the Lair of Beasts.
You worshipped Okawaru.
Okawaru was exalted by your worship.
You were hungry.

You visited 3 branches of the dungeon, and saw 16 of its levels.
You also visited: Sewer.

You collected 767 gold pieces.

Inventory:

Hand Weapons
 b - the +8 broad axe of Golaiceq {freeze, Int+4}
   (Okawaru gifted it to you on level 3 of the Lair of Beasts)

   It has been specially enchanted to freeze those struck by it, causing extra
   injury to most foes and up to half again as much damage against particularly
   susceptible opponents.
   It can also slow down cold-blooded creatures.
   It affects your intelligence (+4).
 i - the cursed +1 mace of Gotomar {crush, *Contam rPois MP+9, unknown}
   (You found it on level 4 of the Lair of Beasts)

   It inflicts extra damage upon your enemies.
   It protects you from poison.
   It affects your magic capacity (+9).
   It causes magical contamination when unequipped.
   It has a curse placed upon it.
 l - a +3 trident of flaming (weapon)
 Q - the +9 battleaxe "Niceybb" {chop, rPois MR++ Str+2}
   (Okawaru gifted it to you on level 2 of the Lair of Beasts)

   It inflicts extra damage upon your enemies.
   It affects your strength (+2).
   It protects you from poison.
   It affects your resistance to hostile enchantments.
Missiles
 C - 6 tomahawks of returning (quivered)
Armour
 k - a +0 cloak (worn)
 r - a +1 plate armour
 s - a +1 ring mail of magic resistance
 A - a +1 hat (worn)
 B - a +3 plate armour of magic resistance (worn)
 E - a +0 pair of gloves (worn)
 N - a +0 large shield (worn)
 O - a +0 pair of boots (worn)
Jewellery
 F - a ring of poison resistance (left hand)
 G - a +4 ring of slaying (right hand)
 R - an amulet of faith (around neck)
Wands
 a - a wand of iceblast (6/15)
 f - a wand of slowing (15/48)
 p - a wand of digging (2/24)
 t - a wand of teleportation (0/9)
 v - a wand of polymorph (0/24)
 y - a wand of flame (24/48)
 S - a wand of lightning (5/15)
 Y - a wand of acid (4/15)
Scrolls
 e - a scroll of fear
 g - a scroll of immolation
 D - 4 scrolls of teleportation
 H - 6 scrolls of amnesia
 I - 4 scrolls of enchant armour
 J - 3 scrolls of recharging
 L - 2 scrolls of remove curse
 P - a scroll of fog
 V - a scroll of summoning
 W - 3 scrolls of identify
 Z - a scroll of blinking
Potions
 c - a potion of cancellation
 d - 5 potions of flight
 h - 4 potions of haste
 m - 8 potions of curing
 u - 4 potions of agility
 w - 3 potions of brilliance
 K - a potion of berserk rage
Comestibles
 j - 8 fruits
 n - a slice of pizza
 o - 2 bread rations
 q - a royal jelly


   Skills:
 * Level 13.3 Fighting
 * Level 9.2(11.3) Axes
 - Level 10.7(12.0) Polearms
 * Level 11.4 Armour
 * Level 9.2 Dodging
 + Level 12.2 Shields
 - Level 0.2 Invocations
 - Level 0.1 Evocations


You had 12 spell levels left.
You didn't know any spells.

Dungeon Overview and Level Annotations

Branches:
Dungeon (11/15)            Temple (1/1) D:5            Lair (4/8) D:11
 Shoals (0/4) Lair:3        Snake (0/4) Lair:3          Orc (0/2) D:9

Altars:
Ashenzari
Elyvilon
Fedhas
Kikubaaqudgha
Makhleb
Nemelex Xobeh
Okawaru
Xom


Innate Abilities, Weirdness & Mutations

You reflexively headbutt those who attack you in melee.
You have a pair of horns on your head.
You can translocate small distances at will.
You possess an exceptional clarity of mind.
You are clumsy. (Dex -2)
You are highly resistant to hostile enchantments.
Your system is resistant to poisons.
Potions and wands are less effective at restoring your health.


Message History

The eight-headed hydra bites you but does no damage.
Drink which item? (? for menu, Esc to quit)
You feel better.
You block the eight-headed hydra's attack. x2
The eight-headed hydra barely misses you.
The eight-headed hydra bites you but does no damage.
The eight-headed hydra closely misses you.
The eight-headed hydra bites you.
* * * LOW HITPOINT WARNING * * *
The eight-headed hydra bites you but does no damage. x2
You hit the eight-headed hydra. You burn the eight-headed hydra.
The eight-headed hydra is severely wounded.
The eight-headed hydra bites you but does no damage.
You block the eight-headed hydra's attack.
The eight-headed hydra bites you.
* * * LOW HITPOINT WARNING * * *
You block the eight-headed hydra's attack.
The eight-headed hydra barely misses you.
The eight-headed hydra bites you!
You die...

###.############
#..(...........
##.............##
#..<............#
##....#.#..#...#
#...##....#...#..
#...#....##...#...
#..............#.
#....@D.......##....
#...#.#.##....+......
#...####.#....##....
#..............#?#.#
#.........P.....♣+..###
# ........♣.P..........
.....♣....P.P.D....§.
.....≈≈.......P......
.....≈≈≈......P...♣..


You could see an eight-headed hydra.

Vanquished Creatures
  Rupert (Lair:3)
  Maud (D:11)
  A hydra (Lair:3)
  Erolcha (D:8)
  Erica (D:8)
  4 skeletal warriors (D:10)
  2 unseen horrors
  Pikel (D:4)
  2 hill giants
  A griffon (Lair:2)
  An ugly thing (D:11)
  6 elephants (Lair:2)
  Joseph (D:8)
  2 molten gargoyles (Lair:1)
  A black mamba (Lair:4)
  A centaur skeleton (D:10)
  2 spiny frogs
  Psyche (D:11)
  A troll (D:10)
  Prince Ribbit (D:8)
  5 blink frogs (Lair:3)
  Sigmund (D:6)
  2 yaks
  A spriggan (Lair:2)
  A wraith (D:10)
  6 fire bats (Lair:1)
  4 hippogriffs
  A mottled dragon (D:11)
  Eustachio (D:4)
  A steam dragon (D:10)
  A hungry ghost (D:11)
  Edmund (D:6)
  A naga (Lair:3)
  2 hell hounds (D:11)
  7 water moccasins
  7 porcupines
  A swamp drake (D:9)
  4 black bears
  3 orc warriors
  An ice beast (D:11)
  5 sky beasts
  2 ogres
  A necrophage (D:8)
  A phantom (D:10)
  14 wolves
  8 centaurs
  8 crocodiles
  Blork the orc (D:6)
  5 big kobolds
  A gnoll sergeant (D:10)
  10 giant frogs
  A wyvern skeleton (D:7)
  5 scorpions
  6 killer bees (D:9)
  4 wights (D:6)
  2 howler monkeys
  5 crimson imps
  3 lava snakes (Lair:1)
  2 centaur zombies (D:5)
  A giant frog zombie (D:10)
  5 hounds
  6 orc wizards
  A jelly (D:8)
  4 orc priests
  A giant frog skeleton (D:4)
  An iguana (Lair:3)
  Jessica (D:2)
  2 gnoll shamans (D:3)
  Ijyb (D:3)
  Terence (D:3)
  7 worker ants
  2 killer bee zombies
  4 sheep (Lair:4)
  A hound skeleton (D:8)
  A howler monkey zombie (D:4)
  47 gnolls
  19 adders
  16 river rats
  2 oozes
  6 giant geckos
  35 orcs
  3 bats
  7 giant cockroaches
  7 goblins
  6 hobgoblins
  22 jackals
  5 quokkas
  6 ball pythons
  A giant gecko skeleton (D:7)
  5 giant newts
  A jackal skeleton (D:4)
  33 kobolds
  31 rats
  4 fungi
  2 plants
464 creatures vanquished.

Vanquished Creatures (others)
  A fire vortex (Lair:2)
1 creature vanquished.

Grand Total: 465 creatures vanquished

Notes
Turn   | Place    | Note
--------------------------------------------------------------
     0 | D:1      | MTVSty1e the Minotaur Fighter began the quest for the Orb.
     0 | D:1      | Reached XP level 1. HP: 19/19 MP: 0/0
   314 | D:1      | Reached XP level 2. HP: 27/27 MP: 1/1
   561 | D:2      | Noticed Jessica
   567 | D:2      | Killed Jessica
   567 | D:2      | Reached skill level 4 in Fighting
   567 | D:2      | Reached XP level 3. HP: 26/33 MP: 2/2
   706 | D:2      | Reached skill level 1 in Dodging
   714 | D:2      | Found a shattered altar of Ashenzari.
   894 | D:2      | Reached XP level 4. HP: 40/40 MP: 3/3
  1135 | D:3      | Found a glowing drain.
  1162 | Sewer    | Entered a sewer
  1181 | Sewer    | Reached XP level 5. HP: 47/47 MP: 4/4
  1207 | Sewer    | Reached skill level 5 in Shields
  1261 | Sewer    | Reached skill level 5 in Fighting
  1557 | Sewer    | Reached skill level 5 in Armour
  1557 | Sewer    | Reached XP level 6. HP: 44/56 MP: 5/5
  1932 | Sewer    | Gained mutation: You can translocate small distances at will. [potion of mutation]
  1932 | Sewer    | Gained mutation: Your system is resistant to poisons. [potion of mutation]
  1932 | Sewer    | Gained mutation: You are clumsy. (Dex -2) [potion of mutation]
  1933 | Sewer    | Gained mutation: Your spells are a little harder to cast, but a little more powerful. [potion of mutation]
  1933 | Sewer    | Gained mutation: Potions and wands are less effective at restoring your health. [potion of mutation]
  1933 | Sewer    | Gained mutation: You are resistant to hostile enchantments. [potion of mutation]
  1934 | Sewer    | Gained mutation: You are very clumsy. (Dex -4) [potion of mutation]
  1934 | Sewer    | Gained mutation: Your muscles are strong. (Str +2) [potion of mutation]
  1934 | Sewer    | Lost mutation: Your spells are a little harder to cast, but a little more powerful. [potion of mutation]
  2297 | D:3      | Noticed Terence
  2304 | D:3      | Noticed Ijyb
  2306 | D:3      | Killed Terence
  2318 | D:3      | Killed Ijyb
  2421 | D:3      | Reached XP level 7. HP: 57/62 MP: 6/6
  2460 | D:3      | Reached skill level 6 in Fighting
  2819 | D:3      | Reached skill level 5 in Axes
  3302 | D:3      | Reached skill level 7 in Fighting
  3311 | D:3      | Reached XP level 8. HP: 60/73 MP: 7/7
  3921 | D:4      | Noticed Eustachio
  3936 | D:4      | Killed Eustachio
  3991 | D:4      | Noticed Pikel
  4009 | D:4      | Killed Pikel
  4009 | D:4      | Reached skill level 8 in Fighting
  4326 | D:4      | Lost mutation: Your muscles are strong. (Str +2) [potion of mutation]
  4326 | D:4      | Lost mutation: You are very clumsy. (Dex -4) [potion of mutation]
  4326 | D:4      | Gained mutation: You are highly resistant to hostile enchantments. [potion of mutation]
  4452 | D:5      | Entered Level 5 of the Dungeon
  4612 | D:5      | Found a staircase to the Ecumenical Temple.
  4628 | Temple   | Entered the Ecumenical Temple
  4637 | Temple   | Became a worshipper of Warmaster Okawaru
  4676 | D:5      | Reached skill level 1 in Polearms
  4802 | D:5      | Reached XP level 9. HP: 81/82 MP: 8/8
  5312 | D:6      | Noticed Edmund
  5318 | D:6      | Killed Edmund
  5346 | D:6      | Reached * piety under Okawaru
  5481 | D:6      | Reached skill level 5 in Dodging
  5484 | D:6      | Noticed Sigmund
  5491 | D:6      | Killed Sigmund
  5561 | D:6      | Noticed Blork the orc
  5582 | D:6      | Killed Blork the orc
  5867 | D:7      | Reached skill level 9 in Fighting
  6029 | D:7      | Reached skill level 5 in Polearms
  6142 | D:7      | Reached ** piety under Okawaru
  6584 | D:8      | Noticed Prince Ribbit
  6625 | D:8      | Found a burning altar of Makhleb.
  6664 | D:8      | Noticed a hill giant
  6671 | D:8      | Killed a hill giant
  6671 | D:8      | Reached XP level 10. HP: 85/91 MP: 9/9
  6676 | D:8      | Noticed Erica
  6687 | D:8      | Killed Erica
  6687 | D:8      | Reached *** piety under Okawaru
  6697 | D:8      | Killed Prince Ribbit
  6983 | D:8      | Noticed Joseph
  7007 | D:8      | Killed Joseph
  7007 | D:8      | Reached skill level 10 in Fighting
  7166 | D:8      | Noticed Erolcha
  7181 | D:8      | Killed Erolcha
  7181 | D:8      | Reached **** piety under Okawaru
  7457 | D:9      | Gained mutation: You possess an exceptional clarity of mind. [potion of beneficial mutation]
  7739 | D:9      | Found a staircase to the Orcish Mines.
  7965 | D:9      | Reached ***** piety under Okawaru
  8847 | D:10     | Entered Level 10 of the Dungeon
  8850 | D:10     | Noticed a skeletal warrior
  8966 | D:9      | Reached XP level 11. HP: 101/101 MP: 10/10
  9294 | D:10     | Received a gift from Okawaru
  9779 | D:10     | Reached skill level 10 in Shields
  9855 | D:10     | Reached skill level 11 in Fighting
 10618 | D:10     | Noticed a skeletal warrior
 10619 | D:10     | Noticed a skeletal warrior
 10620 | D:10     | Noticed a skeletal warrior
 10680 | D:10     | Killed a skeletal warrior
 10690 | D:10     | Killed a skeletal warrior
 10697 | D:10     | Killed a skeletal warrior
 10794 | D:10     | Killed a skeletal warrior
 11226 | D:11     | Noticed Maud
 11246 | D:11     | Killed Maud
 11246 | D:11     | Received a gift from Okawaru
 11258 | D:11     | Noticed a hill giant
 11261 | D:11     | Noticed Psyche
 11266 | D:11     | Killed a hill giant
 11266 | D:11     | Received a gift from Okawaru
 11269 | D:11     | Killed Psyche
 11269 | D:11     | Reached ****** piety under Okawaru
 11333 | D:11     | Received a gift from Okawaru
 11418 | D:11     | Found a sparkling altar of Nemelex Xobeh.
 11452 | D:11     | Found a staircase to the Lair.
 11849 | D:11     | Noticed a white ugly thing
 11855 | D:11     | Killed a white ugly thing
 11855 | D:11     | Reached skill level 12 in Fighting
 11977 | D:11     | Killed an unseen horror
 11977 | D:11     | Reached XP level 12. HP: 105/112 MP: 11/11
 12046 | Lair:1   | Entered Level 1 of the Lair of Beasts
 12052 | Lair:1   | Reached skill level 10 in Polearms
 12347 | Lair:1   | HP: 3/112 [molten gargoyle/bolt of magma (16)]
 12935 | Lair:1   | Reached skill level 10 in Armour
 13900 | Lair:2   | Received a gift from Okawaru
 13905 | Lair:2   | Got a dazzling battleaxe {god gift}
 13914 | Lair:2   | Identified the +9 battleaxe "Niceybb" {chop, rPois MR++ Str+2} (Okawaru gifted it to you on level 2 of the Lair of Beasts)
 14600 | Lair:3   | Found a staircase to the Snake Pit.
 14666 | Lair:3   | Received a gift from Okawaru
 14666 | Lair:3   | Reached skill level 13 in Fighting
 14952 | Lair:3   | Found a staircase to the Shoals.
 14952 | Lair:3   | Noticed a four-headed hydra
 14962 | Lair:3   | Killed a four-headed hydra
 15356 | Lair:3   | Noticed Rupert
 15369 | Lair:3   | Killed Rupert
 15369 | Lair:3   | Received a gift from Okawaru
 15369 | Lair:3   | Reached XP level 13. HP: 96/122 MP: 9/12
 15370 | Lair:3   | Got an ancient broad axe {god gift}
 15372 | Lair:3   | Identified the +8 broad axe of Golaiceq {freeze, Int+4} (Okawaru gifted it to you on level 3 of the Lair of Beasts)
 15980 | Lair:4   | Got a translucent mace
 16001 | Lair:4   | Noticed Snorg
 16002 | Lair:4   | Noticed Snorg
 16002 | Lair:4   | Snorg changed into Snorg the black mamba
 16006 | Lair:4   | Killed Snorg the black mamba
 16062 | Lair:4   | HP: 5/122 [eight-headed hydra (3)]
 16062 | Lair:4   | Slain by an eight-headed hydra

Skill      XL: |  1  2  3  4  5  6  7  8  9 10 11 12 |
---------------+-------------------------------------+-----
Armour         | 4 5 6 7 8 9 11 | 11.4
Fighting       | 4 5 7 8 9 10 12 13 | 13.3
Shields        | 4 5 7 8 9 11 12 | 12.2
Dodging        | 1 2 3 4 5 6 8 9 |  9.2
Axes           | 3 4 5 7 9 |  9.2
Polearms       | 1 5 8 9 10 | 10.7
Invocations    | |  0.2
Evocations     | |  0.1

Action                   |  1- 3 |  4- 6 |  7- 9 | 10-12 | 13-15 || total
-------------------------+-------+-------+-------+-------+-------++-------
Melee: War axe           |    81 |   184 |   195 |       |       ||   460
       Headbutt          |     7 |    24 |    71 |   156 |     2 ||   260
       Trident           |       |       |   206 |   590 |     3 ||   799
       Halberd           |       |       |     1 |       |       ||     1
       Battleaxe         |       |       |       |    86 |    15 ||   101
       Broad axe         |       |       |       |       |     3 ||     3
Invok: Heroism           |       |       |     1 |    16 |     1 ||    18
 Abil: Blink             |       |       |       |       |     4 ||     4
Evoke: Wand              |       |       |       |     6 |     2 ||     8
  Use: Scroll            |     7 |     3 |     9 |    12 |       ||    31
       Potion            |     1 |     4 |     4 |    13 |     2 ||    24
  Eat: Bread ration      |       |     2 |       |     1 |       ||     3
       Fruit             |       |       |     3 |       |       ||     3
       Meat ration       |       |       |     2 |     3 |       ||     5
       Pizza             |       |       |       |     3 |     1 ||     4
       Beef jerky        |       |       |       |     4 |       ||     4
       Royal jelly       |       |       |       |     1 |       ||     1
Armor: Scale mail        |    14 |       |       |       |       ||    14
       Plate armour      |    29 |   153 |   227 |   599 |    41 ||  1049
Dodge: Dodged            |    18 |    44 |   112 |   198 |    22 ||   394
Block: Shield            |    52 |   113 |   206 |       |       ||   371
       Large shield      |       |       |    64 |   617 |    30 ||   711
